 Dungeon Crawl Stone Soup version 0.19.1-1-g22dce08 (webtiles) character file.

8243 Alarkh the Severer (level 11, 31/75 HPs)
             Began as a Demonspawn Monk on Jan 11, 2017.
             Was a High Priest of Trog.
             Quit the game on level 10 of the Dungeon.
             The game lasted 00:19:39 (11867 turns).

Alarkh the Severer (Demonspawn Monk)               Turns: 11867, Time: 00:19:40

Health: 31/75      AC:  5    Str:  8    XL:     11   Next: 7%
Magic:  11/11      EV: 16    Int: 15    God:    Trog [*****.]
Gold:   461        SH:  6    Dex: 15    Spells: 0 memorised, 10 levels left

rFire  . . .     SeeInvis .     a - +0 hand axe
rCold  + . .     Gourm    .     T - +2 robe {Archmagi}
rNeg   . . .     Faith    .     (no shield)
rPois  +         Spirit   .     (no helmet)
rElec  .         Reflect  +     (no cloak)
rCorr  .         Harm     .     (no gloves)
MR     +....                    y - +0 pair of boots
Stlth  +++.......               k - +6 amulet of reflection
                                p - ring of poison resistance
                                K - ring of protection from magic

@: exhausted, slowed, very slow
A: claws 2, repulsion field 2, cold resistance 1, demonic guardian 1,
nightstalker 1, weak 2
a: Berserk, Trog's Hand, Brothers in Arms, Burn Spellbooks, Renounce Religion


You were on level 10 of the Dungeon.
You worshipped Trog.
Trog was extremely pleased with you.
You were hungry.

You visited 2 branches of the dungeon, and saw 11 of its levels.

You collected 461 gold pieces.

Inventory:

Hand Weapons
 a - a +0 hand axe (weapon)
 z - the +3 flail of Jaygosy {drain, rPois rN+ MR+}
   (You found it on level 7 of the Dungeon)

   A truly terrible weapon, it drains the life of those it strikes.
   It protects you from poison.
   It protects you from negative energy.
   It affects your resistance to hostile enchantments.
 A - a -3 war axe
Missiles
 l - a throwing net (quivered)
Armour
 b - a +0 robe
 q - a +0 pair of boots
 y - a +0 pair of boots (worn)
 T - a +2 robe of the Archmagi (worn)
Jewellery
 d - an uncursed amulet of guardian spirit
 h - an uncursed ring of positive energy
 k - a +6 amulet of reflection (around neck)
 p - a ring of poison resistance (right claw)
 G - an uncursed ring of resist corrosion
 K - a ring of protection from magic (left claw)
Wands
 i - a wand of disintegration (16/24)
 v - a wand of polymorph (9/24)
 x - a wand of digging (13/24)
 E - a wand of acid (4/15)
 Q - a wand of confusion (21/48)
 V - a wand of lightning (9/15)
Scrolls
 e - a scroll of identify
 g - 4 scrolls of remove curse
 n - 3 scrolls of enchant weapon {unknown}
 o - a scroll of enchant armour {unknown}
 r - 3 scrolls of teleportation {unknown}
 s - 2 scrolls of noise {unknown}
 w - a scroll of random uselessness {unknown}
 B - a scroll of blinking {unknown}
 J - a scroll of fear {unknown}
 R - a scroll of recharging {unknown}
Potions
 f - a potion of invisibility
 j - 4 potions of curing
 m - a potion of brilliance
 D - a potion of might
 F - 2 potions of haste {unknown}
 H - a potion of heal wounds
 L - 2 potions of magic {unknown}
 P - 2 potions of cancellation {unknown}
 S - a potion of lignification
 U - a potion of cure mutation {unknown}
Books
 t - a book of Cantrips

   Spells                             Type                      Level
   a - Confusing Touch                Hexes                        1
   b - Animate Skeleton               Necromancy                   1
   c - Summon Small Mammal            Summoning                    1
   d - Apportation                    Translocation                1
   Trog disapproves of the use of such an item.
 C - a book of Air

   Spells                             Type                      Level
   a - Shock                          Conjuration/Air              1
   b - Swiftness                      Charms/Air                   2
   c - Repel Missiles                 Charms/Air                   2
   d - Static Discharge               Conjuration/Air              3
   e - Lightning Bolt                 Conjuration/Air              5
   Trog disapproves of the use of such an item.
 I - a book of Misfortune

   Spells                             Type                      Level
   a - Confusing Touch                Hexes                        1
   b - Confuse                        Hexes                        3
   c - Gell's Gravitas                Hexes/Translocation          3
   d - Petrify                        Transmutation/Earth          4
   e - Metabolic Englaciation         Hexes/Ice                    5
   f - Yara's Violent Unravelling     Hexes/Transmutation          5
   Trog disapproves of the use of such an item.
 N - a book of Power

   Spells                             Type                      Level
   a - Fulminant Prism                Conjuration/Hexes            4
   b - Iskenderun's Mystic Blast      Conjuration                  4
   c - Venom Bolt                     Conjuration/Poison           5
   d - Bolt of Magma                  Conjuration/Fire/Earth       5
   e - Iron Shot                      Conjuration/Earth            6
   f - Orb of Destruction             Conjuration                  7
   g - Spellforged Servitor           Conjuration/Summoning        7
   Trog disapproves of the use of such an item.
 O - a book of Changes

   Spells                             Type                      Level
   a - Beastly Appendage              Transmutation                1
   b - Sticks to Snakes               Transmutation                2
   c - Spider Form                    Transmutation/Poison         3
   d - Ice Form                       Ice/Transmutation            4
   e - Blade Hands                    Transmutation                5
   Trog disapproves of the use of such an item.
Comestibles
 c - 6 bread rations
 u - 10 royal jellies
 M - a chunk of flesh


   Skills:
 - Level 3.0 Fighting
 + Level 15.1 Axes
 - Level 2.6 Dodging
 - Level 1.7 Stealth


You had 10 spell levels left.
You didn't know any spells.

Dungeon Overview and Level Annotations

Branches:
Dungeon (10/15)            Temple (1/1) D:6            Lair (0/6) D:8
    Orc: D:9-12

Altars:
Ashenzari
Cheibriados
Dithmenos
Elyvilon
Fedhas
Gozag
Hepliaklqana
Kikubaaqudgha
Makhleb
Nemelex Xobeh
Okawaru
Qazlal
Ru
Sif Muna
Trog
Uskayaw
Vehumet
Xom
Yredelemnul
Zin
The Shining One

Shops:
D:4 =

Annotations:
D:5 exclusion: downstairs


Innate Abilities, Weirdness & Mutations

You have very sharp fingernails.
You are surrounded by a moderate repulsion field. (EV +3)
A weak demonic guardian rushes to your aid.
You are slightly more attuned to the shadows.
Your flesh is cold resistant. (rC+)
You are very weak. (Str -4)


Message History

You closely miss the komodo dragon.
The komodo dragon is heavily wounded.
You hit the komodo dragon.
The komodo dragon is heavily wounded.
Your ufetubus barely misses the komodo dragon.
Your ufetubus hits the komodo dragon but does no damage.
The komodo dragon misses you.
You slash the komodo dragon!
The komodo dragon is almost dead.
You hit the komodo dragon.
You kill the komodo dragon!
Trog accepts your kill.
You see here a komodo dragon corpse.
You feel a strong urge to attack something.
You are no longer berserk.
You are exhausted.
You feel yourself slow down.
Are you sure you want to abandon this character and quit the game? (Confirm with "yes".)
Okay, then.
Are you sure you want to abandon this character and quit the game? (Confirm with "yes".)

#.# #.###.......'....
#.#.#...........###########
#.#......#'####...........#
#.######.#....'...........#
#.######.######...........#
#.............#...........#
########.####.#...........#
#.# #...........# #.#
#.#@..........# #.#
#.#5..........# #.#
#.#†..........# #########.#
#.#...........#
........#.####.#.#...#######
#######.#...(..#.#####
........# ####†........
######### #....†.....## ..#
#..).......#


You could see a friendly ufetubus.

Vanquished Creatures
  The ghost of Fartwhistle the Spear-Bearer, a novice DrWn of Hepliaklqana (D:7)
  The ghost of dngmouse the Chopper, a novice DDFi of Makhleb (D:4)
  Psyche (D:9)
  A komodo dragon (D:10)
  A queen bee (D:10)
  A two-headed ogre (D:9)
  2 hippogriffs (D:9)
  Sigmund (D:5)
  Grum (D:10)
  2 hungry ghosts
  A wyvern (D:9)
  Menkaure (D:7)
  Duvessa (D:5)
  5 sky beasts
  A black bear (D:10)
  2 orc warriors
  2 necrophages (D:8)
  2 wolves (D:10)
  3 ogres
  4 centaurs
  A crocodile (D:10)
  2 gnoll sergeants
  3 bullfrogs
  Dowan (D:5)
  3 scorpions
  2 wyvern skeletons
  19 killer bees
  4 wights (D:9)
  3 howler monkeys
  2 jellies
  A centaur zombie (D:6)
  3 crimson imps (D:6)
  4 hounds
  3 orc priests
  2 bullfrog zombies
  4 bullfrog skeletons
  An iron imp (D:8)
  6 orc wizards
  2 iguanas
  2 centaur skeletons (D:8)
  8 worker ants
  A killer bee zombie (D:7)
  A hound zombie (D:9)
  A hound skeleton (D:10)
  A howler monkey zombie (D:7)
  7 gnolls
  6 adders
  2 oozes
  An adder skeleton (D:8)
  An adder zombie (D:7)
  3 worms
  3 dart slugs
  6 leopard geckos
  39 orcs
  8 giant cockroaches
  6 goblins
  7 hobgoblins
  11 jackals
  3 quokkas
  9 bats
  11 frilled lizards
  2 hobgoblin zombies (D:8)
  A jackal skeleton (D:4)
  5 kobolds
  A kobold skeleton (D:8)
  A leopard gecko skeleton (D:7)
  An orc zombie (D:8)
  4 rats
252 creatures vanquished.

Vanquished Creatures (collateral kills)
  Prince Ribbit (D:5)
  An ogre (D:4)
  A centaur (D:7)
  A wolf (D:10)
  A bullfrog (D:7)
  9 killer bees
  A howler monkey (D:5)
  An orc priest (D:8)
  3 orc wizards
  An orc (D:6)
  A jackal (D:4)
21 creatures vanquished.

Grand Total: 273 creatures vanquished

Notes
Turn   | Place    | Note
-------+----------+-------------------------------------------
     0 | D:1      | Alarkh the Demonspawn Monk began the quest for the Orb.
     0 | D:1      | Reached XP level 1. HP: 18/18 MP: 1/1
   105 | D:1      | Reached skill level 3 in Axes
   151 | D:1      | Gained mutation: A weak demonic guardian rushes to your aid. [demonic ancestry]
   151 | D:1      | Reached XP level 2. HP: 20/24 MP: 2/2
   564 | D:1      | Reached XP level 3. HP: 16/29 MP: 3/3
  1200 | D:1      | Reached skill level 4 in Axes
  1393 | D:2      | Gained mutation: You are surrounded by a mild repulsion field. (EV +2) [demonic ancestry]
  1393 | D:2      | Reached XP level 4. HP: 35/35 MP: 4/4
  1686 | D:2      | Found a bloodstained altar of Trog.
  1695 | D:2      | Became a worshipper of Trog the Wrathful
  1695 | D:2      | Reached * piety under Trog
  1695 | D:2      | Reached ** piety under Trog
  1908 | D:3      | Reached skill level 5 in Axes
  2449 | D:4      | Noticed dngmouse's ghost (novice DDFi)
  2449 | D:4      | Gained mutation: Your flesh is cold resistant. (rC+) [potion of mutation]
  2449 | D:4      | Gained mutation: You are weak. (Str -2) [potion of mutation]
  2449 | D:4      | Gained mutation: You are very weak. (Str -4) [potion of mutation]
  2492 | D:4      | Reached XP level 5. HP: 21/41 MP: 1/5
  2813 | D:4      | Noticed an ogre
  2822 | D:4      | Killed an ogre
  3047 | D:4      | Killed dngmouse's ghost
  3047 | D:4      | Reached skill level 7 in Axes
  3047 | D:4      | Gained mutation: You are surrounded by a moderate repulsion field. (EV +3) [demonic ancestry]
  3047 | D:4      | Reached XP level 6. HP: 47/47 MP: 3/6
  3169 | D:4      | Reached XP level 7. HP: 52/52 MP: 4/7
  3382 | D:4      | You fall through a shaft!
  3382 | D:5      | Entered Level 5 of the Dungeon
  3463 | D:5      | Noticed Duvessa
  3681 | D:4      | Reached skill level 8 in Axes
  3744 | D:4      | Found Komarr's Jewellery Shoppe.
  4030 | D:5      | Noticed Dowan
  4037 | D:5      | Killed Duvessa
  4196 | D:5      | Killed Dowan
  4412 | D:5      | Noticed Sigmund
  4499 | D:5      | Found a shimmering altar of Xom.
  4511 | D:5      | Found a deep blue altar of Sif Muna.
  4550 | D:5      | Gained mutation: You have sharp fingernails. [demonic ancestry]
  4550 | D:5      | Reached XP level 8. HP: 58/58 MP: 8/8
  4552 | D:5      | Reached skill level 9 in Axes
  4578 | D:5      | Noticed Prince Ribbit
  4584 | D:5      | Killed Prince Ribbit
  4609 | D:4      | Reached *** piety under Trog
  4912 | D:5      | Killed Sigmund
  5177 | D:6      | Reached skill level 10 in Axes
  5244 | D:6      | Found an iron altar of Okawaru.
  5449 | D:6      | Found a shimmering altar of Xom.
  5509 | D:6      | Found a bloodstained altar of Trog.
  5633 | D:6      | Found a staircase to the Ecumenical Temple.
  5871 | Temple   | Entered the Ecumenical Temple
  5943 | D:7      | Noticed Menkaure
  5949 | D:7      | Killed Menkaure
  6169 | D:7      | Got a smoking flail
  6170 | D:7      | Identified the +3 flail of Jaygosy {drain, rPois rN+ MR+} (You found it on level 7 of the Dungeon)
  6194 | D:7      | Reached skill level 11 in Axes
  6266 | D:7      | Reached XP level 9. HP: 58/63 MP: 9/9
  6396 | D:7      | HP: 3/63 [something (4)]
  6404 | D:7      | HP: 2/63 [something/magic dart (7)]
  6859 | D:7      | Reached skill level 12 in Axes
  7047 | D:7      | Reached **** piety under Trog
  7346 | D:7      | Noticed Fartwhistle's ghost (novice DrWn)
  7375 | D:7      | Killed Fartwhistle's ghost
  8218 | D:7      | Reached skill level 13 in Axes
  8400 | D:8      | Gained mutation: You are slightly more attuned to the shadows. [demonic ancestry]
  8400 | D:8      | Reached XP level 10. HP: 70/70 MP: 10/10
  8545 | D:8      | Found a glowing golden altar of the Shining One.
  8612 | D:8      | Found a burning altar of Makhleb.
  8616 | D:8      | Found a glowing silver altar of Zin.
  8616 | D:8      | Noticed an angel
  8616 | D:8      | Noticed a balrug
  8716 | D:8      | Found a staircase to the Lair.
  9701 | D:9      | Noticed Psyche
  9720 | D:9      | Killed Psyche
  9990 | D:9      | Reached skill level 14 in Axes
 10229 | D:10     | Entered Level 10 of the Dungeon
 10500 | D:9      | Reached ***** piety under Trog
 11697 | D:10     | Noticed Grum
 11714 | D:10     | Reached skill level 15 in Axes
 11716 | D:10     | Gained mutation: You have very sharp fingernails. [demonic ancestry]
 11716 | D:10     | Reached XP level 11. HP: 61/75 MP: 11/11
 11724 | D:10     | Killed Grum
 11867 | D:10     | Quit the game

Skill      XL: |  1  2  3  4  5  6  7  8  9 10 |
---------------+-------------------------------+-----
Axes           | 3 4 5 7 8 11 13 15 | 15.1
Fighting       | |  3.0
Dodging        | |  2.6
Stealth        | |  1.7

Action                   |  1- 3 |  4- 6 |  7- 9 | 10-12 || total
-------------------------+-------+-------+-------+-------++-------
Melee: Hand axe          |   137 |   169 |   519 |   588 ||  1413
       War axe           |       |       |    37 |       ||    37
Invok: Berserk           |       |     3 |    15 |    13 ||    31
       Trog's Hand       |       |     1 |       |       ||     1
  Use: Scroll            |     3 |     2 |     3 |       ||     8
       Potion            |     1 |     2 |     6 |     5 ||    14
 Stab: Sleeping          |     8 |     3 |     1 |     4 ||    16
       Distracted        |       |     3 |     5 |     3 ||    11
  Eat: Chunk             |     2 |     5 |    20 |    13 ||    40
       Meat ration       |       |     1 |     1 |       ||     2
       Bread ration      |       |       |     1 |     2 ||     3
       Fruit             |       |       |       |     3 ||     3
Armor: Robe              |    26 |    34 |    36 |    37 ||   133
       Skin              |    30 |       |    34 |    34 ||    98
Dodge: Dodged            |   125 |   142 |   251 |   294 ||   812
Block: Other             |       |       |   104 |   132 ||   236
       Reflection        |       |       |     4 |       ||     4
